 Dungeon Crawl Stone Soup version 0.21.1-1-g345015fe64 (webtiles) character file.

308 Oravi the Slinger (level 6, -6/41 HPs)
             Began as a Halfling Hunter on Mar 23, 2018.
             Killed by divine providence
             ... invoked by an orc priest
              (15 damage)
             ... on level 3 of the Dungeon.
             The game lasted 00:15:44 (2504 turns).

Oravi the Slinger (Halfling Hunter)                 Turns: 2504, Time: 00:15:45

Health: -6/41      AC:  6    Str: 15    XL:     6   Next: 68%
Magic:  6/6        EV: 12    Int:  9    God:
Gold:   186        SH:  0    Dex: 15    Spells: 5/5 levels left

rFire    . . .     SeeInvis .   b - +1 short sword (flame)
rCold    . . .     Gourm    .   (shield restricted)
rNeg     . . .     Faith    .   p - +0 scale mail
rPois    .         Spirit   .   (no helmet)
rElec    .         Reflect  .   (no cloak)
rCorr    .         Harm     .   (no gloves)
MR       .....                  (no boots)
Stlth    ..........             (no amulet)
HPRegen  0.13/turn              r - ring of flight
MPRegen  0.10/turn              (no ring)

@: no status effects
A: small, mutation resistance 1
a: Evoke Flight


You were on level 3 of the Dungeon.
You were not hungry.

You visited 1 branch of the dungeon, and saw 3 of its levels.

You collected 186 gold pieces.

Inventory:

Hand Weapons
 a - a +1 hunting sling
 b - a +1 short sword of flaming (weapon)
 s - a +0 short sword
Missiles
 d - 38 sling bullets
 g - 97 stones (quivered)
Armour
 c - a +0 leather armour
 l - a +0 ring mail
 p - a +0 scale mail (worn)
Jewellery
 r - a ring of flight (left hand)
Scrolls
 e - a scroll of remove curse
 h - a scroll of teleportation {unknown}
 j - 3 scrolls of identify
 m - 2 scrolls of fear {unknown}
 n - a scroll of random uselessness {unknown}
 o - a scroll of magic mapping {unknown}
 q - a scroll of enchant weapon {unknown}
 u - a scroll of immolation {unknown}
 x - a scroll of enchant armour {unknown}
Potions
 i - a potion of berserk rage
 k - a potion of heal wounds {unknown}
 t - a potion of might {unknown}
 v - a potion of cancellation {unknown}
Comestibles
 f - 6 rations
 w - 11 chunks of flesh


   Skills:
 + Level 2.8 Fighting
 * Level 2.9 Short Blades
 + Level 8.7 Slings
 + Level 1.6 Armour
 + Level 2.5 Dodging
 - Level 1.1 Stealth


You had 5 spell levels left.
You didn't know any spells.

Dungeon Overview and Level Annotations

Branches:
Dungeon (3/15)

Altars:
Hepliaklqana
Zin


Innate Abilities, Weirdness & Mutations

You are small and have problems with some larger weapons.
You are somewhat resistant to further mutation.


Message History

The orc is severely wounded.
The orc hits you but does no damage.
You hit the orc. You burn the orc.
You kill the orc!
You closely miss the orc. The orc closely misses you.
The orc priest mumbles some strange prayers to Beogh against you.
Beogh smites you!
You are too injured to fight recklessly!
You are too injured to fight recklessly!
You are too injured to fight recklessly!
You are too injured to fight recklessly!
You hit the orc but do no damage. The orc completely misses you.
The orc priest calls down the wrath of Beogh upon you.
Beogh smites you!
* * * LOW HITPOINT WARNING * * *
You puncture the orc! You burn the orc.
You kill the orc!
The orc priest mumbles some strange prayers to Beogh against you.
Beogh smites you!
You die...

........ ........... ......
#######..## # #...# #..## #.
#...# ##.# #####.####...# #.##
#............# #.#.# #...
#............# #.#.# #####.##
#'####(#.##..#####.#.###.......
.o.#.##..o@........#.###.##
..(..#..#..#####.#......##.##
...(...#.....................<#
..####.#..#..#####...#.#..#...#
. ............).............
#.#..##.####......#..#...#
..........................
#.#..##.###..#...##.##....
........#........##.......


You could see an orc priest.

Vanquished Creatures
  The ghost of rzd the Gusty, an amateur NaAE of Ru (D:3)
  An ogre (D:3)
  Terence (D:3)
  3 adders
  3 worms (D:2)
  3 dart slugs
  2 leopard geckos
  3 orcs (D:3)
  9 bats
  2 giant cockroaches (D:2)
  6 goblins
  5 hobgoblins
  7 jackals
  8 kobolds
  A quokka (D:3)
  2 ball pythons
  5 frilled lizards (D:2)
  10 rats
72 creatures vanquished.

Notes
Turn   | Place    | Note
-------+----------+-------------------------------------------
     0 | D:1      | Oravi the Halfling Hunter began the quest for the Orb.
     0 | D:1      | Reached XP level 1. HP: 14/14 MP: 1/1
    24 | D:1      | Reached skill level 6 in Slings
   112 | D:1      | Reached XP level 2. HP: 19/19 MP: 2/2
   465 | D:1      | Reached XP level 3. HP: 24/24 MP: 3/3
   467 | D:1      | Reached skill level 1 in Short Blades
  1074 | D:2      | Reached skill level 7 in Slings
  1074 | D:2      | Reached XP level 4. HP: 12/29 MP: 4/4
  1759 | D:2      | Found a hazy altar of Hepliaklqana.
  1759 | D:2      | Found a glowing silver altar of Zin.
  2051 | D:3      | Reached XP level 5. HP: 35/35 MP: 5/5
  2068 | D:3      | Noticed Terence
  2104 | D:3      | Killed Terence
  2104 | D:3      | Reached skill level 1 in Armour
  2275 | D:3      | Noticed an ogre
  2284 | D:3      | Killed an ogre
  2284 | D:3      | Reached skill level 8 in Slings
  2284 | D:3      | Reached XP level 6. HP: 33/41 MP: 6/6
  2324 | D:3      | Noticed rzd's ghost (amateur NaAE)
  2336 | D:3      | Killed rzd's ghost
  2504 | D:3      | Killed from afar by an orc priest

Skill      XL: |  1  2  3  4  5 |
---------------+----------------+-----
Slings         | 6 7 8 |  8.7
Short Blades   | 1 2 |  2.9
Fighting       | 2 |  2.8
Armour         | 1 |  1.6
Dodging        | |  2.5
Stealth        | |  1.1

Action                   |  1- 3 |  4- 6 || total
-------------------------+-------+-------++-------
Melee: Short sword       |    45 |    49 ||    94
 Fire: Hunting sling     |    65 |   103 ||   168
  Use: Scroll            |       |     3 ||     3
  Eat: Chunk             |       |     5 ||     5
Armor: Leather armour    |     1 |       ||     1
       Ring mail         |     4 |       ||     4
       Scale mail        |     4 |    17 ||    21
Dodge: Dodged            |    42 |    41 ||    83
